[Event "Titled Tuesday Blitz February 07 Early 2023"]
[White "The_Sherman_Variation"]
[Black "Tobares, Leandro"]
[BlackFideId "106402"]
[WhiteElo "2461"]
[BlackElo "2189"]
[Result "1-0"]
[Round "07"]
[TimeControl "180+2"]
[Date "2023.02.07"]
[WhiteClock "0:00:16"]
[BlackClock "0:00:54"]

1. d4 Nf6 2. g3 e6 3. Bg2 c5 4. c3 Nc6 5. Nf3 d5 6. O-O Be7 7. Re1 O-O 8. Nbd2 cxd4 9. cxd4 b5 10. e4 dxe4 11. Nxe4 Bb7 12. Ne5 Nxe5 13. Nxf6+ gxf6 14. Bxb7 Rb8 15. Be4 Ng6 16. Bh6 Re8 17. Bc6 Bf8 18. Bxe8 Bxh6 19. Bc6 f5 20. Bg2 Bg7 21. Rb1 Qxd4 22. Qxd4 Bxd4 23. Red1 e5 24. Rdc1 f4 25. Rc7 fxg3 26. hxg3 h5 27. Bd5 Rf8 28. b3 h4 29. gxh4 Nxh4 30. Be4 Rd8 31. Rbc1 f5 32. Bc6 Ng6 33. Bxb5 Nf4 34. Bc4+ Kh8 35. Kf1 Rd6 36. Ke1 Rh6 37. Kd2 Rh2 38. Rf1 Bxf2 39. Kc3 a5 40. b4 axb4+ 41. Kxb4 e4 42. Rd1 Bh4 43. Rdd7 Be1+ 44. Ka4 1-0


[Site "https://www.chess.com"]

[Event "Titled Tuesday Blitz February 07 Early 2023"]
[White "Adithya A Chullikkad"]
[Black "Bilan, Danila"]
[WhiteFideId "45078734"]
[BlackFideId "24161918"]
[WhiteElo "2259"]
[BlackElo "2303"]
[Result "0-1"]
[Round "07"]
[TimeControl "180+2"]
[Date "2023.02.07"]
[WhiteClock "0:00:19"]
[BlackClock "0:00:33"]

1. d4 d5 2. Bf4 Nf6 3. e3 c5 4. c3 Nc6 5. Nd2 Qb6 6. Qb3 c4 7. Qc2 g6 8. Ngf3 Bf5 9. Qc1 Nh5 10. Bg3 Nxg3 11. hxg3 Bg7 12. Nh4 Bd7 13. Be2 Qd8 14. Qc2 b5 15. O-O O-O 16. e4 e6 17. e5 b4 18. Rfe1 a5 19. Nf1 a4 20. Ne3 a3 21. bxa3 Rxa3 22. cxb4 Nxb4 23. Qb2 Qa5 24. Bxc4 Rxe3 25. Rxe3 dxc4 26. Qc3 Ra8 27. a3 Nd5 28. Qxa5 Rxa5 29. Ree1 Bf8 30. Rec1 c3 31. Nf3 Rxa3 32. Ra2 Rxa2 0-1


[Site "https://www.chess.com"]

[Event "Titled Tuesday Blitz February 07 Early 2023"]
[White "Garayev, Kanan"]
[Black "Da Silva Junior, Sediney Mari"]
[WhiteFideId "13406671"]
[BlackFideId "2132079"]
[WhiteElo "2346"]
[BlackElo "2010"]
[Result "1-0"]
[Round "07"]
[TimeControl "180+2"]
[Date "2023.02.07"]
[WhiteClock "0:00:24"]
[BlackClock "0:00:08"]

1. b4 e5 2. Bb2 Bxb4 3. Bxe5 Nf6 4. e3 O-O 5. Nf3 d6 6. Bb2 b6 7. a3 Ba5 8. Be2 Bb7 9. O-O c5 10. c4 d5 11. cxd5 Bxd5 12. Nc3 Bxc3 13. Bxc3 Nbd7 14. Qc2 Rc8 15. Qb2 Qe7 16. Rfd1 c4 17. Nd4 g6 18. Nf3 Ne4 19. Bb4 Ndc5 20. d4 cxd3 21. Bxd3 Qf6 22. Qxf6 Nxf6 23. Be2 a5 24. Bc3 Nce4 25. Bd4 Nc3 26. Bxf6 Nxe2+ 27. Kf1 Bxf3 28. gxf3 Nc3 29. Rd6 b5 30. e4 b4 31. axb4 axb4 32. Rb6 Rb8 33. Rxb8 Rxb8 34. Bxc3 bxc3 35. Rc1 Rc8 36. Ke2 Kg7 37. Kd3 Kf6 38. f4 Ra8 39. Rxc3 Ra2 40. Ke3 Ra1 41. Rc6+ Kg7 42. Kf3 Rh1 43. Kg2 Re1 44. Rc4 Re2 45. Kf3 Re1 46. e5 h5 47. Rc7 Rg1 48. e6 Kf8 49. Rxf7+ Ke8 50. Rg7 h4 51. f5 Rg5 52. fxg6 h3 53. Kf4 Rg2 54. f3 Rxh2 55. Rh7 Rg2 56. g7 h2 57. Rxh2 Rxg7 58. Ke5 Rg5+ 59. Kf6 Rg2 60. Rh8+ 1-0


[Site "https://www.chess.com"]

[Event "Titled Tuesday Blitz February 07 Early 2023"]
[White "Perez Rodriguez, Jennifer"]
[Black "Kopczynski, Michal"]
[WhiteFideId "3507831"]
[BlackFideId "1124200"]
[WhiteElo "2242"]
[BlackElo "2225"]
[Result "0-1"]
[Round "07"]
[TimeControl "180+2"]
[Date "2023.02.07"]
[WhiteClock "0:01:20"]
[BlackClock "0:01:14"]

1. e4 b6 2. d4 Bb7 3. Bd3 e6 4. c3 Nf6 5. f3 d5 6. e5 Nfd7 7. Ne2 c5 8. Be3 Nc6 9. a3 Qc7 10. O-O O-O-O 11. f4 f5 12. exf6 gxf6 13. Nd2 Bd6 14. Nf3 Rhg8 15. Kh1 Rg7 16. Qd2 Rdg8 17. Rf2 e5 18. fxe5 fxe5 19. dxe5 Ncxe5 20. Nxe5 Nxe5 21. Bf5+ Kb8 22. Be6 d4 23. Bxg8 dxe3 24. Qxe3 Rxg8 25. Qh3 Ng4 26. Rff1 Nxh2 27. Rf2 Ng4 28. Rff1 Rg6 29. Kg1 Bh2+ 30. Kh1 Bd6 31. Kg1 Qg7 32. Nf4 Rh6 33. Nh5 Qg5 0-1


[Site "https://www.chess.com"]

[Event "Titled Tuesday Blitz February 07 Early 2023"]
[White "Santos Flores, Alberto"]
[Black "OKEKE, Isaac Chukwudalu"]
[WhiteFideId "3601234"]
[BlackFideId "8508526"]
[WhiteElo "2164"]
[BlackElo "2155"]
[Result "0-1"]
[Round "07"]
[TimeControl "180+2"]
[Date "2023.02.07"]
[WhiteClock "0:02:05"]
[BlackClock "0:01:07"]

1. e4 c5 2. Nf3 d6 3. Bb5+ Bd7 4. Bxd7+ Qxd7 5. c4 Nc6 6. d4 cxd4 7. Nxd4 Nf6 8. Nc3 e6 9. Be3 Be7 10. O-O O-O 11. f3 Rfc8 12. b3 d5 13. Nxc6 bxc6 14. e5 Ne8 15. f4 Rd8 16. Na4 d4 17. Bd2 c5 18. Nb2 a5 19. Qg4 g6 20. h4 h5 21. Qg3 Ng7 22. Nd3 Nf5 23. Qf3 Nxh4 24. Qe4 Nf5 25. Qf3 Kg7 26. Nf2 a4 27. Ne4 axb3 28. axb3 Qb7 29. Ng5 Qxf3 30. Nxf3 Ng3 31. Rfb1 Ne4 32. Be1 Rdb8 33. Rxa8 Rxa8 34. b4 cxb4 35. Nxd4 Bc5 0-1


[Site "https://www.chess.com"]

[Event "Titled Tuesday Blitz February 07 Early 2023"]
[White "Eynullayev, Atilla"]
[Black "Fathy, Elameir"]
[WhiteFideId "13413570"]
[BlackFideId "10600396"]
[WhiteElo "2281"]
[BlackElo "2300"]
[Result "0-1"]
[Round "07"]
[TimeControl "180+2"]
[Date "2023.02.07"]
[WhiteClock "0:00:15"]
[BlackClock "0:00:10"]

1. e4 c6 2. Nf3 d5 3. Nc3 Bg4 4. h3 Bxf3 5. Qxf3 e6 6. Be2 Bc5 7. exd5 exd5 8. O-O Ne7 9. Rd1 Bd4 10. Qg4 Bf6 11. d4 O-O 12. Bd3 Nd7 13. Ne2 g6 14. c3 Bg7 15. Ng3 Nf6 16. Qf3 Nc8 17. h4 Nd6 18. h5 Qd7 19. h6 Bh8 20. Bg5 Ng4 21. Re1 Rfe8 22. Qf4 f6 23. Bh4 f5 24. Nh5 gxh5 25. Qg5+ Kf8 26. f3 Nf6 27. Re5 Rxe5 28. dxe5 Nf7 29. Qf4 Ne8 30. Bxf5 Bxe5 31. Qb4+ Qd6 32. Qxb7 Rb8 33. Qxa7 Bh2+ 34. Kh1 Bg3 35. Bxg3 Qxg3 36. Re1 Rxb2 37. Qc5+ Nfd6 38. Bh3 Qxe1+ 39. Kh2 Qe5+ 40. Kh1 Rb1+ 41. Qg1 Rxg1+ 42. Kxg1 Nc4 43. Kh1 Qe1+ 44. Kh2 Nd2 45. Bf5 Qh4+ 46. Kg1 Nd6 47. Bh3 Qg3 48. Kh1 N6c4 49. Kg1 Ne3 50. Kh1 Nxf3 51. gxf3 Qxh3+ 52. Kg1 Qg2# 0-1


[Site "https://www.chess.com"]

[Event "Titled Tuesday Blitz February 07 Early 2023"]
[White "Jiganchine, Roman"]
[Black "Womacka, Mathias"]
[WhiteFideId "2603667"]
[BlackFideId "4611390"]
[WhiteElo "2205"]
[BlackElo "2396"]
[Result "1-0"]
[Round "07"]
[TimeControl "180+2"]
[Date "2023.02.07"]
[WhiteClock "0:00:13"]
[BlackClock "0:00:12"]

1. e4 c5 2. Nf3 d6 3. Bb5+ Nd7 4. a4 Nf6 5. Nc3 e6 6. O-O Be7 7. d4 cxd4 8. Qxd4 O-O 9. Rd1 a6 10. Bf1 Qc7 11. h3 b6 12. Nd2 Bb7 13. Nc4 d5 14. exd5 Nxd5 15. Nxd5 Bxd5 16. Bf4 Qb7 17. Ne3 Bc6 18. Bd6 Bxd6 19. Qxd6 Nf6 20. Qb4 Rfd8 21. a5 b5 22. c3 h6 23. Qc5 Nd5 24. Nxd5 Bxd5 25. Rd4 Qc6 26. Qb4 e5 27. Rd2 Be6 28. Rad1 Rxd2 29. Rxd2 Rc8 30. Rd6 Qb7 31. Rb6 Qa7 32. Qd6 Bc4 33. Rxa6 Qb7 34. Rb6 Qe4 35. Rb8 Rxb8 36. Qxb8+ Kh7 37. Bxc4 bxc4 38. a6 Qe1+ 39. Kh2 Qxf2 40. Qxe5 Qxb2 41. a7 Qa3 42. Qe4+ g6 43. a8=Q Qd6+ 44. g3 Qd2+ 45. Qg2 Qxc3 46. Qaf3 Qxf3 47. Qxf3 Kg7 48. Qc3+ 1-0


[Site "https://www.chess.com"]

[Event "Titled Tuesday Blitz February 07 Early 2023"]
[White "Toncheva, Nadya"]
[Black "Chakravarthi Reddy, M"]
[WhiteFideId "2924056"]
[BlackFideId "25009532"]
[WhiteElo "2295"]
[BlackElo "2279"]
[Result "1-0"]
[Round "07"]
[TimeControl "180+2"]
[Date "2023.02.07"]
[WhiteClock "0:01:36"]
[BlackClock "0:00:59"]

1. d4 Nf6 2. c4 g6 3. Nc3 Bg7 4. e4 d6 5. Be2 O-O 6. Bg5 c5 7. d5 Qa5 8. Qd2 h6 9. Bxh6 Nxe4 10. Nxe4 Qxd2+ 11. Bxd2 Bxb2 12. Rb1 Bg7 13. h4 e6 14. Nxd6 exd5 15. Nxc8 Rxc8 16. cxd5 b6 17. h5 gxh5 18. Rxh5 Nd7 19. Nf3 Nf6 20. Rf5 Rd8 21. Bc4 Re8+ 22. Kf1 Re4 23. Bd3 Ra4 24. Bg5 Nd7 25. Re1 c4 26. Bb1 c3 27. Re7 Rb4 28. Bc2 Rb2 29. Rfxf7 Bf8 30. Bh7+ Kh8 31. Rxd7 1-0


[Site "https://www.chess.com"]

[Event "Titled Tuesday Blitz February 07 Early 2023"]
[White "Rudzinska, Michalina"]
[Black "Gurevich, Dmitry"]
[WhiteFideId "1172883"]
[BlackFideId "2000407"]
[WhiteElo "2244"]
[BlackElo "2393"]
[Result "1/2-1/2"]
[Round "07"]
[TimeControl "180+2"]
[Date "2023.02.07"]
[WhiteClock "0:00:04"]
[BlackClock "0:00:03"]

1. e4 c5 2. c3 Nf6 3. e5 Nd5 4. Nf3 Nc6 5. d4 cxd4 6. cxd4 d6 7. Bc4 e6 8. O-O Be7 9. Qe2 O-O 10. Qe4 b6 11. Bxd5 exd5 12. Qxd5 Bb7 13. Qb3 Na5 14. Qe3 Nc4 15. Qf4 Bxf3 16. gxf3 h6 17. Nc3 Bg5 18. Qg3 dxe5 19. Bxg5 Qxg5 20. dxe5 Nxe5 21. f4 Nf3+ 22. Kg2 Qxg3+ 23. fxg3 Nd2 24. Rf2 Rfd8 25. Re1 Rd7 26. Rfe2 Kf8 27. b3 Rc8 28. Re3 Rdc7 29. Nb5 Rd7 30. R3e2 a6 31. Na7 Rxa7 32. Rxd2 Rac7 33. Red1 b5 34. Kf3 g6 35. Rd6 Rc6 36. f5 gxf5 37. Kf4 Ke7 38. Rd7+ Ke6 39. Ra7 Rg8 40. Re1+ Kf6 41. Ree7 Rg4+ 42. Kf3 Rg7 43. h3 h5 44. Kf4 Rd6 45. Reb7 Rd4+ 46. Ke3 Rd6 47. Rb8 Rxg3+ 48. Kf4 Rxh3 49. Rba8 Rh4+ 50. Kg3 Rg4+ 51. Kf3 Rd3+ 52. Ke2 Rh3 53. Rxa6+ Kg5 54. Rb6 Rg2+ 55. Kf1 Rb2 56. Kg1 Rg3+ 57. Kf1 Rc3 58. Rg8+ Kf4 59. Re8 Rc1+ 60. Re1 Rxe1+ 61. Kxe1 Rxa2 62. Rxb5 Rb2 63. Rb8 Kf3 64. Rh8 Rb1+ 65. Kd2 Rxb3 66. Rxh5 f4 67. Rh3+ Kg2 68. Rxb3 f3 69. Ke3 f5 70. Rb2+ Kg3 71. Rc2 f4+ 72. Ke4 f2 73. Rxf2 Kxf2 74. Kxf4 1/2-1/2


[Site "https://www.chess.com"]

[Event "Titled Tuesday Blitz February 07 Early 2023"]
[White "Vifleemskaia, Svetlana"]
[Black "matenitian"]
[WhiteFideId "4129490"]
[WhiteElo "1971"]
[BlackElo "2479"]
[Result "0-1"]
[Round "07"]
[TimeControl "180+2"]
[Date "2023.02.07"]
[WhiteClock "0:00:03"]
[BlackClock "0:00:13"]

1. d4 Nf6 2. c4 e6 3. Nc3 d5 4. cxd5 exd5 5. Bg5 c6 6. e3 Be7 7. Bd3 Nbd7 8. Qc2 Nf8 9. Nge2 Ne6 10. Bh4 g6 11. O-O O-O 12. f3 Re8 13. Kh1 Bd7 14. a3 b5 15. b4 Nh5 16. Bf2 a5 17. Rab1 axb4 18. axb4 Bd6 19. e4 dxe4 20. fxe4 Nhf4 21. Bg1 Nxd3 22. Qxd3 Qg5 23. e5 Bf8 24. Ne4 Qd8 25. Nf6+ Kg7 26. Qh3 h5 27. Nxe8+ Qxe8 28. Qf3 Nc7 29. Nf4 Be6 30. Nxh5+ gxh5 31. Qxh5 Ra3 32. Rf6 Kg8 33. Rbf1 Nd5 34. Qg5+ Bg7 35. Rh6 Qe7 36. Rh5 Qxg5 37. Rxg5 Kf8 38. Rb1 Bh6 39. Rh5 Bd2 40. Rh8+ Ke7 41. Rh4 Bxb4 42. Rh7 Bc3 0-1


[Site "https://www.chess.com"]

[Event "Titled Tuesday Blitz February 07 Early 2023"]
[White "JonSnowNW1"]
[Black "Fiorito, Francisco"]
[BlackFideId "180165"]
[WhiteElo "2329"]
[BlackElo "2305"]
[Result "1-0"]
[Round "07"]
[TimeControl "180+2"]
[Date "2023.02.07"]
[WhiteClock "0:00:07"]
[BlackClock "0:00:06"]

1. c4 Nf6 2. Nc3 c5 3. g3 g6 4. Bg2 Bg7 5. e4 Nc6 6. Nge2 O-O 7. O-O d6 8. d3 Nd7 9. f4 Rb8 10. Rb1 a6 11. a4 Nd4 12. Be3 b6 13. f5 Bb7 14. g4 e6 15. Qd2 Re8 16. Bh6 Bh8 17. fxg6 hxg6 18. Qf4 Ne5 19. Nxd4 cxd4 20. Ne2 Qd7 21. Qg3 d5 22. Bf4 Qd6 23. Qf2 Re7 24. cxd5 exd5 25. Bg5 Rd7 26. exd5 Bxd5 27. Bxd5 Qxd5 28. Nf4 Qd6 29. Qh4 Re8 30. Rbe1 f6 31. Nxg6 Rh7 32. Qg3 fxg5 33. Nxe5 Bxe5 34. Qf3 Bxh2+ 35. Kg2 Rxe1 36. Rxe1 Bf4 37. Qa8+ Qf8 38. Re8 Rf7 39. Rxf8+ Rxf8 40. Qd5+ Kg7 41. Qxd4+ Rf6 42. Qd7+ Kg6 43. Qe8+ Kg7 44. d4 a5 45. d5 Rd6 46. Qe4 Kf6 47. b4 Kg7 48. bxa5 bxa5 49. Qe7+ Kg6 50. Qe4+ Kg7 51. Kf3 Kf6 52. Ke2 Rd8 53. Kd3 Rd6 54. Kc4 Kf7 55. Kb5 Bd2 56. Qf5+ Ke7 57. Qe5+ Kd7 58. Qg7+ Kd8 59. Qf8+ Kd7 60. Qf7+ Kd8 61. Kc5 Bb4+ 62. Kc4 Rd7 63. Qg8+ Kc7 64. Qxg5 Be7 65. Qf4+ Bd6 66. Qf5 Re7 67. g5 Re5 68. Qf7+ Re7 69. Qf6 Re4+ 70. Kd3 Rf4 71. Qe6 Rxa4 72. g6 Ra3+ 73. Kc2 Ra2+ 74. Kb1 Rg2 75. Qf7+ Kb6 76. g7 Rg1+ 77. Kc2 Rg2+ 78. Kd1 Rg1+ 79. Ke2 Rg2+ 80. Kf1 Rxg7 81. Qxg7 Kc5 82. Qd7 a4 83. Qc6+ Kd4 84. Qxd6 a3 85. Qxa3 Kxd5 86. Qa4 Ke6 87. Ke2 1-0


[Site "https://www.chess.com"]

[Event "Titled Tuesday Blitz February 07 Early 2023"]
[White "Schut, Han"]
[Black "Florescu, Codrut-Constantin"]
[WhiteFideId "1005561"]
[BlackFideId "1202200"]
[WhiteElo "2101"]
[BlackElo "2259"]
[Result "0-1"]
[Round "07"]
[TimeControl "180+2"]
[Date "2023.02.07"]
[WhiteClock "0:00:10"]
[BlackClock "0:01:20"]

1. e4 c5 2. Nf3 e6 3. c4 Nc6 4. Nc3 b6 5. Be2 Bb7 6. O-O Nf6 7. Re1 Qb8 8. Bf1 Bd6 9. g3 h5 10. Nb5 Be7 11. d4 a6 12. e5 Ng4 13. Nd6+ Bxd6 14. exd6 Qxd6 15. Bf4 Nxd4 16. Bxd6 Nxf3+ 17. Kg2 Nxe1+ 18. Kg1 Nf3+ 19. Kg2 Nfxh2+ 20. Kg1 Nf3+ 21. Kg2 h4 22. gxh4 Nd4+ 23. Kg3 Nf6 24. f4 Ne4+ 25. Kh3 Nxd6 26. Bg2 Bxg2+ 27. Kxg2 Rxh4 28. Qd2 Rh2+ 29. Kxh2 Nf3+ 0-1


[Site "https://www.chess.com"]

[Event "Titled Tuesday Blitz February 07 Early 2023"]
[White "Jenkins, Drake"]
[Black "Kaplan, Avi Harrison"]
[WhiteFideId "2022397"]
[BlackFideId "30934559"]
[WhiteElo "2130"]
[BlackElo "2146"]
[Result "0-1"]
[Round "07"]
[TimeControl "180+2"]
[Date "2023.02.07"]
[WhiteClock "0:00:11"]
[BlackClock "0:00:46"]

1. Nf3 d5 2. c4 d4 3. b4 e5 4. Nxe5 Bd6 5. Nd3 Nf6 6. g3 a5 7. c5 Be7 8. b5 Qd5 9. f3 O-O 10. Qb3 Nbd7 11. Qxd5 Nxd5 12. Ba3 c6 13. bxc6 bxc6 14. Bh3 Nxc5 15. Bxc5 Bxh3 16. Bxd4 Rfe8 17. Nc3 Nb4 18. Nxb4 axb4 19. Ne4 f5 20. Nf2 Bg2 21. Rg1 Bxf3 22. Be3 Bf6 23. Rb1 Bd5 24. Rxb4 Rxe3 25. a4 Ra3 26. Nd3 R3xa4 27. Rxa4 Rxa4 28. Kf2 Be4 29. Nc5 Bd4+ 30. e3 Bxc5 0-1


[Site "https://www.chess.com"]

[Event "Titled Tuesday Blitz February 07 Early 2023"]
[White "Sai Han Thiha"]
[Black "Wilson, Elvin"]
[WhiteFideId "13012290"]
[BlackFideId "2014874"]
[WhiteElo "2070"]
[BlackElo "2183"]
[Result "1-0"]
[Round "07"]
[TimeControl "180+2"]
[Date "2023.02.07"]
[WhiteClock "0:02:12"]
[BlackClock "0:01:02"]

1. d4 Nf6 2. c4 e6 3. Nf3 d5 4. Nc3 Bb4 5. Qa4+ Nc6 6. cxd5 exd5 7. Bg5 h6 8. Bxf6 Qxf6 9. e3 O-O 10. Be2 Rd8 11. Qb3 Be6 12. a3 Bf8 13. Qxb7 Na5 14. Qa6 Nb3 15. Rd1 Rd6 16. Qb7 1-0


[Site "https://www.chess.com"]

[Event "Titled Tuesday Blitz February 07 Early 2023"]
[White "Gatterer, Florian"]
[Black "Marchesich, Giovanni"]
[WhiteFideId "811688"]
[BlackFideId "2824790"]
[WhiteElo "2170"]
[BlackElo "2217"]
[Result "1/2-1/2"]
[Round "07"]
[TimeControl "180+2"]
[Date "2023.02.07"]
[WhiteClock "0:02:27"]
[BlackClock "0:02:15"]

1. b3 e5 2. Bb2 d6 3. d4 e4 4. e3 f5 5. c4 Nf6 6. Ne2 Be7 7. Nf4 O-O 8. h4 c6 9. d5 c5 10. Be2 Na6 11. a3 Nc7 12. b4 b6 13. Nd2 1/2-1/2


[Site "https://www.chess.com"]

[Event "Titled Tuesday Blitz February 07 Early 2023"]
[White "Afanasieva, Alexandra"]
[Black "Dudzinski, Pawel"]
[WhiteFideId "34126926"]
[BlackFideId "1117890"]
[WhiteElo "1857"]
[BlackElo "2186"]
[Result "0-1"]
[Round "07"]
[TimeControl "180+2"]
[Date "2023.02.07"]
[WhiteClock "0:00:09"]
[BlackClock "0:00:52"]

1. e4 c6 2. d4 d5 3. e5 c5 4. dxc5 e6 5. Qg4 Ne7 6. Nc3 Ng6 7. Nf3 Bxc5 8. Bb5+ Bd7 9. Bxd7+ Nxd7 10. Bf4 Nxf4 11. Qxf4 O-O 12. O-O a6 13. a3 Rc8 14. Ne2 Qc7 15. b4 Ba7 16. c3 f6 17. Qg4 Nxe5 18. Qxe6+ Qf7 19. Qxf7+ Rxf7 20. Nfd4 Bxd4 21. cxd4 Nc4 22. Nf4 Nb6 23. Rac1 Rfc7 24. Rce1 g5 25. Re6 Rc6 26. Rxc6 Rxc6 27. Nd3 Nd7 28. Rd1 Rc3 29. a4 Rc4 30. Nc5 Nxc5 31. bxc5 Rxa4 32. f3 Rb4 33. Kf2 Kf7 34. Ke3 b6 35. Rc1 bxc5 36. Rxc5 Rb5 37. Rc7+ Kg6 38. Ra7 Ra5 39. g4 h5 40. gxh5+ Kxh5 41. Rh7+ Kg6 42. Ra7 Ra2 43. f4 Ra3+ 44. Kf2 gxf4 0-1


[Site "https://www.chess.com"]

[Event "Titled Tuesday Blitz February 07 Early 2023"]
[White "Theytookourjobs"]
[Black "Ansh M Shah"]
[BlackFideId "25033379"]
[WhiteElo "2291"]
[BlackElo "2171"]
[Result "0-1"]
[Round "07"]
[TimeControl "180+2"]
[Date "2023.02.07"]
[WhiteClock "0:00:03"]
[BlackClock "0:01:27"]

1. d4 Nf6 2. Bf4 e6 3. e3 d5 4. Nf3 Be7 5. Bd3 O-O 6. Nbd2 b6 7. Ne5 Bb7 8. Qf3 Nbd7 9. h4 h5 10. O-O-O c5 11. c3 Rc8 12. Rdg1 Nxe5 13. Bxe5 Ng4 14. Qe2 Bd6 15. f3 Bxe5 16. fxg4 cxd4 17. exd4 Bxd4 18. gxh5 Bxg1 19. Rxg1 Qxh4 20. Bc2 d4 21. Qd3 f5 22. g3 Qf6 23. c4 e5 24. g4 e4 25. Qb3 d3 26. Bd1 f4 27. g5 Qd4 0-1


[Site "https://www.chess.com"]

[Event "Titled Tuesday Blitz February 07 Early 2023"]
[White "Mesa Cruz, Juan Carlos"]
[Black "Sovetbekova, Nurai"]
[WhiteFideId "6423400"]
[BlackFideId "13801910"]
[WhiteElo "2122"]
[BlackElo "1764"]
[Result "1-0"]
[Round "07"]
[TimeControl "180+2"]
[Date "2023.02.07"]
[WhiteClock "0:00:32"]
[BlackClock "0:00:08"]

1. e4 c5 2. Nf3 d6 3. d4 cxd4 4. Nxd4 Nf6 5. Nc3 a6 6. Bg5 e6 7. f4 Be7 8. Qf3 Qc7 9. O-O-O Nbd7 10. g4 h6 11. Bh4 g5 12. e5 dxe5 13. fxg5 hxg5 14. Bg3 Nb6 15. Qe2 Nfd7 16. Nf3 Bf6 17. Ne4 Nd5 18. Nxf6+ N5xf6 19. Nxe5 Qa5 20. Nxd7 Bxd7 21. Be5 Rh6 22. Kb1 Nd5 23. Bg2 Bc6 24. c4 Nb4 25. a3 Bxg2 26. axb4 Qxb4 27. Qxg2 a5 28. Rhf1 a4 29. Qd2 Qxc4 30. Qd7+ 1-0


[Site "https://www.chess.com"]

[Event "Titled Tuesday Blitz February 07 Early 2023"]
[White "Bruned, Boris"]
[Black "Avazkhonov, Alikhon"]
[WhiteFideId "621790"]
[BlackFideId "14208504"]
[WhiteElo "2133"]
[BlackElo "1538"]
[Result "1-0"]
[Round "07"]
[TimeControl "180+2"]
[Date "2023.02.07"]
[WhiteClock "0:00:27"]
[BlackClock "0:00:01"]

1. b3 e5 2. Bb2 Nc6 3. e3 d5 4. Bb5 Bd6 5. f4 f6 6. Nh3 Nh6 7. fxe5 fxe5 8. O-O Nf7 9. Qf3 Be6 10. c4 e4 11. Qe2 O-O 12. cxd5 Bxd5 13. Nc3 Be5 14. Nf4 Ne7 15. Bc4 Bxc4 16. bxc4 Qd7 17. Rab1 c6 18. Nxe4 Bxb2 19. Rxb2 Nf5 20. Nc5 Qe7 21. Nfe6 N7h6 22. Rxb7 Qg5 23. Nxg5 1-0


[Site "https://www.chess.com"]

[Event "Titled Tuesday Blitz February 07 Early 2023"]
[White "Melikhov, Evgeny V."]
[Black "Lesbekova, Assel"]
[WhiteFideId "4122046"]
[BlackFideId "13713248"]
[WhiteElo "2269"]
[BlackElo "1772"]
[Result "1-0"]
[Round "07"]
[TimeControl "180+2"]
[Date "2023.02.07"]
[WhiteClock "0:00:49"]
[BlackClock "0:01:08"]

1. d4 f5 2. e4 fxe4 3. Nc3 Nf6 4. Bg5 Nc6 5. d5 Ne5 6. Bxf6 exf6 7. Nxe4 d6 8. Bb5+ c6 9. dxc6 Qa5+ 10. Nc3 bxc6 11. Be2 d5 12. Nf3 Bb4 13. O-O Bxc3 14. bxc3 Qxc3 15. Nxe5 fxe5 16. Bd3 O-O 17. f3 Be6 18. Re1 Bf5 19. Rb1 Bxd3 20. Qxd3 Qxd3 21. cxd3 Rfe8 22. Rb7 a5 23. Kf2 Rab8 24. Reb1 Rxb7 25. Rxb7 Ra8 26. a4 Ra6 27. Ke3 h6 28. h4 Kf8 29. h5 Rb6 30. Rxb6 1-0


[Site "https://www.chess.com"]

[Event "Titled Tuesday Blitz February 07 Early 2023"]
[White "Fajdetic, Hrvoje"]
[Black "Goncalves, Davi Sulzbacher"]
[WhiteFideId "14501945"]
[BlackFideId "2154510"]
[WhiteElo "2151"]
[BlackElo "2282"]
[Result "0-1"]
[Round "07"]
[TimeControl "180+2"]
[Date "2023.02.07"]
[WhiteClock "0:00:15"]
[BlackClock "0:00:33"]

1. f4 e5 2. fxe5 d6 3. Nf3 g5 4. exd6 Bxd6 5. g3 Nc6 6. Nc3 g4 7. Nh4 Nge7 8. Ne4 Nf5 9. Nxf5 Bxf5 10. Nxd6+ Qxd6 11. d3 O-O-O 12. Bg2 Qc5 13. Bf4 Nd4 14. Rc1 Rhe8 15. e4 Bxe4 16. Bxe4 Rxe4+ 17. Kf1 Nf3 18. Qxf3 gxf3 19. dxe4 Qc4+ 20. Kf2 Qe2+ 0-1


[Site "https://www.chess.com"]

[Event "Titled Tuesday Blitz February 07 Early 2023"]
[White "Foerster-Yialamas, Lucas"]
[Black "Smietanska, Wiktoria"]
[WhiteFideId "30901774"]
[BlackFideId "21869359"]
[WhiteElo "2151"]
[BlackElo "1936"]
[Result "1-0"]
[Round "07"]
[TimeControl "180+2"]
[Date "2023.02.07"]
[WhiteClock "0:01:35"]
[BlackClock "0:00:20"]

1. e4 c5 2. Nf3 d6 3. d4 cxd4 4. Nxd4 Nf6 5. Nc3 a6 6. Bg5 Nbd7 7. f4 Qc7 8. Qf3 b5 9. a3 Bb7 10. O-O-O e6 11. g4 Be7 12. h4 h6 13. Bxf6 Bxf6 14. Bxb5 axb5 15. Ndxb5 Qb8 16. Nxd6+ Kf8 17. Nxf7 Kxf7 18. Rxd7+ Ke8 19. Rhd1 Bxc3 20. Qxc3 Qxf4+ 21. Kb1 Bxe4 22. Qxg7 Qf8 23. Qe5 Bd5 24. R1xd5 Qf1+ 25. Rd1 Qc4 26. Qxh8# 1-0


[Site "https://www.chess.com"]

[Event "Titled Tuesday Blitz February 07 Early 2023"]
[White "Vaglio Munoz, Jaime"]
[Black "Rottenwohrer Suarez, Juan"]
[WhiteFideId "6500145"]
[BlackFideId "32068182"]
[WhiteElo "2174"]
[BlackElo "2265"]
[Result "0-1"]
[Round "07"]
[TimeControl "180+2"]
[Date "2023.02.07"]
[WhiteClock "0:00:17"]
[BlackClock "0:00:04"]

1. d4 Nf6 2. g3 d5 3. Bg2 c5 4. c3 Nc6 5. dxc5 a5 6. Nf3 e6 7. O-O Bxc5 8. Nd4 O-O 9. Bg5 h6 10. Bxf6 Qxf6 11. e3 Bb6 12. Nd2 e5 13. Nb5 Rd8 14. Kh1 Bf5 15. Qe2 a4 16. e4 Be6 17. exd5 Bxd5 18. Ne4 Qe6 19. Na3 Bxa2 20. c4 Bb3 21. c5 Nd4 22. Qh5 Ba5 23. f4 exf4 24. Rxf4 Rd5 25. Nf6+ Qxf6 26. Bxd5 Qg5 27. Qxf7+ Kh8 28. Bxb3 Nxb3 29. Raf1 Qxc5 30. Qg6 Qc6+ 31. Kg1 Qxg6 32. Nc4 Kh7 33. Ne5 Bb6+ 34. Kg2 Qd6 35. Nf3 Qd5 36. Kh3 Nd4 37. Nh4 Qe6+ 38. g4 Rc8 39. Ng2 Rc2 40. R1f3 Nxf3 41. Rxf3 Rxg2 42. Kxg2 Qxg4+ 43. Rg3 Qxg3+ 44. hxg3 Bd4 45. Kf3 Bxb2 46. Ke4 a3 47. Kd3 Kg6 48. Kc2 Kg5 49. Kb1 Kg4 50. Ka2 Kxg3 51. Kb3 g5 52. Kc2 h5 53. Kd1 h4 54. Ke2 h3 55. Ke3 g4 56. Ke4 b5 57. Kf5 b4 58. Kg5 b3 59. Kh5 a2 60. Kg5 Bc1+ 61. Kf5 b2 62. Ke4 a1=Q 63. Kd3 b1=Q+ 64. Ke2 Qc2+ 65. Kf1 h2 66. Ke1 Kh3 67. Kf1 g3 68. Ke1 h1=Q# 0-1


[Site "https://www.chess.com"]

[Event "Titled Tuesday Blitz February 07 Early 2023"]
[White "Fan_Of_Chucky"]
[Black "Nikologorsky, Matfei"]
[BlackFideId "24102474"]
[WhiteElo "2269"]
[BlackElo "2182"]
[Result "1-0"]
[Round "07"]
[TimeControl "180+2"]
[Date "2023.02.07"]
[WhiteClock "0:00:07"]
[BlackClock "0:00:01"]

1. d4 Nf6 2. c4 e6 3. Nf3 b6 4. g3 Bb7 5. Bg2 d6 6. O-O Nbd7 7. Nc3 Be7 8. Qc2 e5 9. dxe5 dxe5 10. Rd1 Qc8 11. Bh3 O-O 12. Nxe5 Bd6 13. Nxd7 Nxd7 14. Nb5 Qe8 15. Nxd6 cxd6 16. Rxd6 Nf6 17. Bg2 Bxg2 18. Kxg2 Rc8 19. b3 Qe5 20. Bf4 Qxa1 21. Rd1 Qxd1 22. Qxd1 Rfd8 23. Qc2 Rd7 24. Bg5 Ne8 25. Qf5 Rdc7 26. Bf4 Rc5 27. Qd7 a5 28. Be3 R5c6 29. Bxb6 Nf6 30. Qb7 a4 31. c5 axb3 32. axb3 Nd5 33. Ba7 h6 34. b4 R8c7 35. Qb8+ Rc8 36. Qb5 R6c7 37. Qc4 Nf6 38. Bb6 Rb7 39. Qd3 Nd7 40. Ba5 Ne5 41. Qf5 Re8 42. Qe4 Rbe7 43. Qd5 Ng4 44. e3 Rxe3 45. Qd7 Re2 46. Qxg4 g6 47. Qf3 Rc2 48. c6 Re6 49. c7 Kg7 50. c8=Q Rxc8 51. b5 1-0


[Site "https://www.chess.com"]